 Dungeon Crawl Stone Soup version 0.27.0-66-gdc8fb28755 (webtiles) character file.

Game seed: 5920764676252754118

9300 shadowrider38 the Cleaver (level 11, -1/89 HPs)
             Began as a Demonspawn Gladiator on Aug 20, 2021.
             Was an Elder of Okawaru.
             Slain by a nine-headed hydra (4 damage)
             ... on level 1 of the Lair of Beasts.
             The game lasted 00:43:33 (14173 turns).

shadowrider38 the Cleaver (Demonspawn Gladiator)   Turns: 14173, Time: 00:43:34

Health: -1/89      AC: 19    Str: 23    XL:     11   Next: 21%
Magic:  9/11       EV: 10    Int: 13    God:    Okawaru [****..]
Gold:   632        SH: 15    Dex: 10    Spells: 10/10 levels left

rFire    + . .     SeeInvis +   a - +6 war axe "Liesch" {vorpal, rF+ Int+3}
rCold    . . .     Faith    .   n - +0 buckler
rNeg     . . .     Spirit   .   o - +0 chain mail
rPois    +         Reflect  +   c - +2 helmet
rElec    .         Harm     .   g - scarf {shadows}
rCorr    .         Rampage  .   (no gloves)
Will     .....                  e - +0 pair of boots
Stlth    ..........             G - amulet of reflection
HPRegen  0.24/turn              S - ring of flight
MPRegen  0.12/turn              y - ring "Bupe" {rPois Str+5 Dex-4 SInv}

@: heroic, flying
A: claws 1, icemail 1, powered by death 1, sharp scales 1, condensation shield
a: Renounce Religion, Heroism


You were on level 1 of the Lair of Beasts.
You worshipped Okawaru.
Okawaru was greatly pleased with you.
You visited 4 branches of the dungeon, and saw 15 of its levels.

You collected 632 gold pieces.

Inventory:

Hand Weapons
 a - the +6 war axe "Liesch" (weapon) {vorpal, rF+ Int+3}
   (You found it on level 11 of the Dungeon)

   It inflicts extra damage upon your enemies.
   Int:       It affects your intelligence (+3).
   rF:        It protects you from fire.
 D - a +3 flail
Missiles
 d - 2 throwing nets
 f - 380 stones
 r - 33 poisoned darts
 t - 9 boomerangs (quivered)
 J - a curare-tipped dart
 L - 11 atropa-tipped darts
Armour
 c - a +2 helmet (worn)
 e - a +0 pair of boots (worn)
 g - a scarf of shadows (worn)
 n - a +0 buckler (worn)
 o - a +0 chain mail (worn)
 F - a +2 cloak
 N - a +0 leather armour of fire resistance
Jewellery
 k - a ring of poison resistance
 s - an amulet of magic regeneration
 x - a ring of poison resistance
 y - the ring "Bupe" (right claw) {rPois Str+5 Dex-4 SInv}
   (You found it on level 6 of the Dungeon)

   [ring of see invisible]

   Str:       It affects your strength (+5).
   Dex:       It affects your dexterity (-4).
   rPois:     It protects you from poison.
   SInv:      It lets you see invisible.
 G - an amulet of reflection (around neck)
 S - a ring of flight (left claw)
Wands
 j - a wand of charming (18)
 w - a wand of polymorph (9)
 B - a wand of acid (11)
 M - a wand of paralysis (14)
Scrolls
 h - 2 scrolls of silence
 l - a scroll of fog
 m - 2 scrolls of immolation
 p - a scroll of holy word
 E - a scroll of noise
 H - a scroll of identify
 I - 3 scrolls of teleportation
 K - a scroll of fear
 O - a scroll of vulnerability
 Q - a scroll of enchant armour
 T - a scroll of enchant weapon {unknown}
 U - 2 scrolls of amnesia {unknown}
Potions
 b - 2 potions of mutation
 q - 2 potions of curing
 u - 2 potions of haste
 v - a potion of brilliance
 z - a potion of flight
 A - 3 potions of heal wounds
 C - a potion of magic
 P - 3 potions of attraction
 R - 3 potions of degeneration {unknown}


   Skills:
 + Level 9.5(14.5) Fighting
 - Level 12.3(17.3) Axes
 - Level 1.7(6.7) Throwing
 - Level 2.6(7.6) Dodging
 - Level 5.9(10.9) Shields


You had 10 spell levels left.
You didn't know any spells.
Your spell library contained the following spells:

 Spells                   Type           Power      Damage    Failure   Level
 Corona                   Hex            0%         N/A       92%         1
 Magic Dart               Conj           0%         1d3       92%         1
 Summon Small Mammal      Summ           0%         N/A       92%         1
 Call Imp                 Summ           0%         N/A       98%         2
 Ensorcelled Hibernation  Hex/Ice        0%         N/A       98%         2
 Call Canine Familiar     Summ           0%         N/A       100%        3
 Mephitic Cloud           Conj/Pois/Air  0%         N/A       100%        3
 Summon Guardian Golem    Hex/Summ       0%         N/A       100%        3
 Tukima's Dance           Hex            0%         N/A       100%        3
 Animate Armour           Summ/Erth      0%         N/A       100%        4
 Blade Hands              Tmut           0%         N/A       100%        5
 Summon Forest            Summ/Tloc      0%         N/A       100%        5
 Eringya's Noxious Bog    Tmut/Pois      0%         N/A       100%        6
 Iron Shot                Conj/Erth      0%         9d1       100%        6
 Summon Hydra             Summ           0%         N/A       100%        7


Dungeon Overview and Level Annotations

Branches:
Dungeon (11/15)            Temple (1/1) D:7            Lair (2/6) D:11
    Orc (1/2) D:9
  Swamp: Lair:2-4    Shoals: Lair:2-4     Snake: Lair:2-4    Spider: Lair:2-4

Altars:
Ashenzari
Cheibriados
Dithmenos
Elyvilon
Fedhas
Hepliaklqana
Kikubaaqudgha
Makhleb
Nemelex Xobeh
Okawaru
Qazlal
Ru
Sif Muna
Trog
Uskayaw
Wu Jian
Xom
Yredelemnul
Zin
The Shining One
Beogh

Shops:
D:2 [   D:6 *

Annotations:
D:3 1 runed translucent door, Crazy Yiuf
D:4 Menkaure


Innate Abilities, Weirdness & Mutations

You have sharp fingernails.
A meltable icy envelope protects you from harm. (AC +4)
You regenerate a little health from kills.
You are partially covered in razor-sharp scales. (AC +1, Slay +1)
A meltable shield of frost defends you. (SH +4)


Message History

The eight-headed hydra bites you!
The eight-headed hydra bites you but does no damage. x2
The eight-headed hydra bites you. The eight-headed hydra bites you!
You chop one of the eight-headed hydra's heads off!
The seven-headed hydra grows two more!
You slash the nine-headed hydra!
The nine-headed hydra is lightly wounded.
Unknown command.
Your chain mail prevents you from hitting the nine-headed hydra.
The nine-headed hydra is lightly wounded.
The nine-headed hydra bites you. x2
You block the nine-headed hydra's attack.
The nine-headed hydra closely misses you.
The nine-headed hydra bites you but does no damage.
You block the nine-headed hydra's attack.
The nine-headed hydra bites you but does no damage.
The nine-headed hydra bites you.
The nine-headed hydra barely misses you.
You barely miss the nine-headed hydra.
The nine-headed hydra is lightly wounded.
You block the nine-headed hydra's attack.
The nine-headed hydra bites you. The nine-headed hydra bites you!
The nine-headed hydra bites you but does no damage.
You block the nine-headed hydra's attack.
The nine-headed hydra bites you! The nine-headed hydra bites you.
* * * LOW HITPOINT WARNING * * *
The nine-headed hydra closely misses you.
The nine-headed hydra bites you!
* * * LOW HITPOINT WARNING * * *
You completely miss the nine-headed hydra.
The nine-headed hydra is lightly wounded.
You hit the nine-headed hydra.
The nine-headed hydra is lightly wounded.
The nine-headed hydra bites you!
* * * LOW HITPOINT WARNING * * *
You block the nine-headed hydra's attack.
The nine-headed hydra bites you.
* * * LOW HITPOINT WARNING * * *
You block the nine-headed hydra's attack.
The nine-headed hydra bites you.
You die...

#.### .#
#..P##.###
#.........
#.........
##..........#
#....D......#
#..@.......#
#..........#
#..........#
#..........#
#.....<....#
#............
#.##.####....
## ... ..


You could see a nine-headed hydra.

Vanquished Creatures
  2 boulder beetles (D:11)
  A two-headed ogre (D:9)
  A deep elf pyromancer (D:8)
  A manticore (D:11)
  A black mamba (Lair:2)
  2 rime drakes (D:11)
  Prince Ribbit (D:7)
  2 wyverns
  2 yaks
  A wraith (D:10)
  A steam dragon (D:8)
  A basilisk (D:11)
  3 vampire mosquitoes
  An acid dragon (D:10)
  2 water moccasins
  2 orc warriors (D:9)
  A swamp drake (D:7)
  2 sky beasts (D:7)
  4 black bears
  3 necrophages
  4 ice beasts
  An ogre (D:5)
  3 lemures (D:6)
  5 centaurs
  A kobold brigand (D:8)
  3 bullfrogs
  A gnoll sergeant (D:9)
  11 wights
  3 electric eels
  A howler monkey (D:10)
  3 centaur zombies
  A centaur skeleton (D:4)
  3 hounds
  3 jellies
  2 bullfrog zombies
  5 orc priests (D:9)
  A bullfrog skeleton (D:6)
  A gnoll shaman (D:5)
  2 iguanas
  2 orc wizards
  A hound skeleton (D:5)
  2 howler monkey zombies
  7 gnolls
  4 adders
  2 shadow imps
  A white imp (D:8)
  3 dart slugs
  42 orcs
  4 ball pythons
  9 bats
  8 endoplasms
  2 giant cockroaches (D:3)
  2 goblins (D:2)
  5 hobgoblins
  3 jackals (D:3)
  20 kobolds
  3 quokkas
  3 frilled lizards (D:3)
  5 rats
216 creatures vanquished.

Vanquished Creatures (others)
  An orc (D:8)
  2 fungi (Lair:2)
  12 plants
15 creatures vanquished.

Grand Total: 231 creatures vanquished

Notes
Turn   | Place    | Note
-------+----------+-------------------------------------------
     0 | D:1      | shadowrider38 the Demonspawn Gladiator began the quest for
                  | the Orb.
     0 | D:1      | Reached XP level 1. HP: 16/16 MP: 1/1
   193 | D:1      | Reached skill level 3 in Axes
   412 | D:1      | Found a faded altar of an unknown god.
   482 | D:1      | Gained mutation: You regenerate a little health from kills.
                  | [demonic ancestry]
   482 | D:1      | Reached XP level 2. HP: 18/22 MP: 2/2
  1067 | D:2      | Found a bloodstained altar of Trog.
  1178 | D:2      | Reached XP level 3. HP: 26/27 MP: 3/3
  1307 | D:2      | Reached skill level 4 in Axes
  1707 | D:2      | Found Jud Necs's Armour Emporium.
  2164 | D:3      | Found a runed translucent door.
  2165 | D:3      | Noticed Crazy Yiuf
  2220 | D:3      | Gained mutation: You are partially covered in razor-sharp
                  | scales. (AC +1, Slay +1) [demonic ancestry]
  2220 | D:3      | Reached XP level 4. HP: 33/33 MP: 4/4
  3107 | D:4      | Noticed Menkaure
  3142 | D:4      | Reached skill level 5 in Axes
  3405 | D:4      | Gained mutation: A meltable shield of frost defends you.
                  | (SH +4) [demonic ancestry]
  3405 | D:4      | Reached XP level 5. HP: 34/38 MP: 5/5
  3490 | D:5      | Entered Level 5 of the Dungeon
  3890 | D:5      | Reached XP level 6. HP: 23/46 MP: 6/6
  4215 | D:5      | Found a shimmering altar of Xom.
  4515 | D:5      | Reached skill level 5 in Fighting
  4515 | D:5      | Reached XP level 7. HP: 18/56 MP: 7/7
  5161 | D:6      | Noticed Pikel
  5488 | D:7      | Noticed Pikel
  5488 | D:7      | Pikel changed into Pikel the yak
  5495 | D:7      | HP: 3/60 [Pikel the yak (6)]
  5504 | D:7      | Killed Pikel the yak
  5505 | D:7      | Gained mutation: You have sharp fingernails. [demonic
                  | ancestry]
  5505 | D:7      | Reached XP level 8. HP: 7/68 MP: 8/8
  5799 | D:6      | Identified the ring "Bupe" {rPois Str+5 Dex-4 SInv}
  5836 | D:6      | Found Zuapriw's Elemental Accessories.
  6409 | D:7      | Found a staircase to the Ecumenical Temple.
  6454 | Temple   | Entered the Ecumenical Temple
  6737 | Temple   | Became a worshipper of Warmaster Okawaru
  6880 | D:7      | Reached skill level 6 in Axes
  6915 | D:7      | Found a sacrificial altar of Ru.
  6929 | D:7      | Noticed Prince Ribbit
  7129 | D:7      | Killed Prince Ribbit
  7129 | D:7      | Reached * piety under Okawaru
  7130 | D:7      | Reached skill level 7 in Axes
  7472 | D:7      | Reached skill level 8 in Axes
  7583 | D:7      | Reached XP level 9. HP: 71/75 MP: 9/9
  7720 | D:7      | Found an ornate altar of the Wu Jian Council.
  8333 | D:8      | Reached ** piety under Okawaru
  8410 | D:8      | Reached skill level 9 in Axes
  8523 | D:8      | Noticed a deep elf pyromancer
  8533 | D:8      | Killed a deep elf pyromancer
  8534 | D:8      | Reached skill level 10 in Axes
  8589 | D:8      | Reached *** piety under Okawaru
  9205 | D:8      | Reached skill level 11 in Axes
  9517 | D:8      | Found a bloodstained altar of Trog.
  9668 | D:9      | Noticed a two-headed ogre
  9687 | D:9      | Killed a two-headed ogre
  9688 | D:9      | Reached XP level 10. HP: 19/82 MP: 8/10
 10058 | D:9      | Reached **** piety under Okawaru
 10058 | D:9      | Received a gift from Okawaru
 10577 | D:9      | Reached skill level 12 in Axes
 10581 | D:9      | Found a staircase to the Orcish Mines.
 10738 | D:9      | Found a sparkling altar of Nemelex Xobeh.
 10917 | D:9      | Found a shimmering blue altar of Sif Muna.
 11118 | Orc:1    | Entered Level 1 of the Orcish Mines
 11129 | D:10     | Entered Level 10 of the Dungeon
 12429 | D:11     | Identified the +6 war axe "Liesch" {vorpal, rF+ Int+3}
 12516 | D:11     | Noticed a manticore
 12527 | D:11     | Killed a manticore
 12727 | D:11     | Noticed a boulder beetle
 12753 | D:11     | Killed a boulder beetle
 13187 | D:11     | Received a gift from Okawaru
 13188 | D:11     | Reached skill level 5 in Shields
 13204 | D:11     | Noticed a boulder beetle
 13221 | D:11     | Killed a boulder beetle
 13222 | D:11     | Gained mutation: A meltable icy envelope protects you from
                  | harm. (AC +4) [demonic ancestry]
 13222 | D:11     | Reached XP level 11. HP: 52/87 MP: 9/11
 13611 | D:11     | Found a staircase to the Lair.
 13876 | Lair:1   | Entered Level 1 of the Lair of Beasts
 13876 | Lair:1   | Noticed an eight-headed hydra
 14173 | Lair:1   | HP: 3/89 [nine-headed hydra (2)]
 14173 | Lair:1   | Slain by a nine-headed hydra

Illustrated notes

Levels and vault maps discovered:
D:1:      doesnt_arrival_eight_statues, layout_basic,
          shapermc_ecumenical_altar_acropolis, minmay_misc_feat_square
D:2:      layout_rooms, basic_altar, serial_shops, nicolae_shop_crystal,
          minmay_pentomino_q4
D:3:      layout_loops_ring, hangedman_decor_opposing, grunt_decor_one_mirror,
          lexackson_kobold_supper, uniq_crazy_yiuf_cottage
D:4:      layout_basic, gammafunk_temple_overflow_wave, serial_forest,
          infiniplex_forest_lined_4_way, infiniplex_forest_corner_1,
          infiniplex_forest_end_2, infiniplex_forest_straight_3,
          infiniplex_forest_clump_diagonal, infiniplex_forest_straight_1,
          infiniplex_forest_clump_long, minmay_manual_moon, uniq_menkaure
D:5:      layout_gridville, mainiacjoe_overflow_swirl,
          hangedman_decor_peaks_small
D:6:      layout_rooms, nicolae_elemental_shop, uniq_pikel
D:7:      layout_gridville, nicolae_wu_jian_wuxing_cycle,
          mainiacjoe_overflow_tiny_flanked, minmay_temple_entry_grid,
          kennysheep_doodads, kennysheep_generic_room_11, uniq_prince_ribbit1
D:8:      layout_basic, trog_ov_bears_minmay, kennysheep_generic_room_16
D:9:      layout_gridville, mainiacjoe_overflow_24_doors,
          mainiacjoe_overflow_brackets, david_orc_5
D:10:     layout_gridville, nicolae_lava_and_water
D:11:     layout_rooms, david_lair_generic, portal_ice_cave_rime
Temple:   oiseaux_autumnal_temple
Lair:1:   layout_small_grid, lemuel_fruit_tree
Lair:2:   layout_chaotic_city, gammafunk_ghost_arena,
          cheibrodos_lair_caveside_slide, infiniplex_staircase_pool
Orc:1:    layout_caves, nicolae_orc_stony_grotto, bh_open_orc_temple

Skill      XL: |  1  2  3  4  5  6  7  8  9 10 11 |
---------------+----------------------------------+-----
Axes           | 3 4 5 8 11 12 | 12.3
Fighting       | 5 7 8 9 |  9.5
Shields        | 5 |  5.9
Throwing       | |  1.7
Dodging        | |  2.6

Action                   |  1- 3 |  4- 6 |  7- 9 | 10-12 || total
-------------------------+-------+-------+-------+-------++-------
Melee: War axe           |   120 |   136 |   374 |   216 ||   846
Throw: Boomerang         |       |     3 |     2 |    16 ||    21
       Dart              |       |     9 |     5 |       ||    14
       Throwing net      |       |       |     3 |       ||     3
Invok: Heroism           |       |       |     1 |     5 ||     6
Evoke: Wand              |       |       |     3 |     3 ||     6
  Use: Potion            |       |     1 |     1 |       ||     2
       Scroll            |       |       |    15 |     6 ||    21
Armor: Leather armour    |    44 |       |       |       ||    44
       Chain mail        |    53 |    77 |   210 |   105 ||   445
       Skin              |       |    10 |       |       ||    10
Dodge: Dodged            |   112 |    53 |   117 |    65 ||   347
Block: Other             |       |    10 |   111 |    43 ||   164
       Reflection        |       |       |     4 |     8 ||    12
       Buckler           |       |       |       |    73 ||    73
